Map: Ley Lines

Players

Sindyr - Winner!

  • Race: Terran Terran
  • League: Master
  • Spawn Location: 7:00

NeverFoldxx

  • Race: Zerg Zerg
  • League: Platinum
  • Spawn Location: 1:00

VOD

Have the link to the VOD?

Description

Time

  • Played on: Oct. 6, 2025, 5:58 p.m.
  • Length: 29:36
Show
View Real Time Build Order
Export as new Build Order

Sindyr Terran - Winner!

Build Orders:  

Get SALT Encoding   

  12  0:02  SCV  
  13  0:14  SCV  
  14  0:20  Supply Depot  
  14  0:26  SCV  
  15  0:42  SCV  
  16  0:43  Barracks  
  16  0:48  Refinery  
  16  0:54  SCV  
  17  1:06  SCV  
  18  1:18  SCV  
  19  1:31  Orbital Command  
  19  1:34  Barracks Tech Lab  
  19  1:45  Command Center  
  19  2:01  Supply Depot, SCV  
  20  2:13  SCV  
  21  2:22  Factory  
  21  2:25  SCV  
  22  2:33  Bunker  
  22  2:38  SCV  
  22  2:42  Refinery  
  23  2:50  SCV  
  23  2:51  Marine  
  25  2:55  Stimpack  
  25  3:02  SCV  
  27  3:05  Orbital Command  
  26  3:08  Marine  
  27  3:14  SCV  
  27  3:16  Factory Reactor  
  28  3:26  SCV, Marine  
  30  3:38  SCV  
  31  3:41  Starport  
  31  3:44  Marine  
  32  3:50  SCV  
  32  3:54  Barracks  
  33  4:02  SCV x2  
  35  4:07  Supply Depot  
  35  4:08  Supply Depot  
  35  4:14  SCV x2  
  37  4:26  SCV x2  
  37  4:29  Barracks x2  
  37  4:30  Barracks  
  39  4:38  SCV  
  40  4:39  SCV  
  40  4:41  Factory Tech Lab  
  41  4:46  Barracks Reactor  
  41  4:47  Combat Shield  
  41  4:50  SCV  
  41  4:51  SCV  
  41  4:52  Engineering Bay  
  43  4:53  Medivac x2  
  47  5:02  SCV  
  47  5:03  SCV  
  49  5:07  Command Center  
  49  5:15  SCV  
  49  5:18  Terran Infantry Weapons Level 1  
  50  5:22  Barracks Reactor x2  
  50  5:23  Barracks Tech Lab  
  50  5:27  SCV  
  50  5:28  Marine x2  
  52  5:29  Marauder  
  52  5:34  Refinery  
  52  5:35  SCV  
  56  5:36  Refinery  
  56  5:39  SCV  
  56  5:41  Supply Depot  
  57  5:46  Marine  
  57  5:47  SCV  
  59  5:50  Marauder  
  59  5:51  SCV  
  59  5:55  Command Center  
  62  6:02  Viking x2, SCV  
  62  6:03  SCV  
  68  6:07  Armory  
  68  6:15  Marine  
  68  6:16  Marine x5, Marauder x2  
  78  6:27  Missile Turret x2  
  78  6:34  Planetary Fortress  
  78  6:37  Marauder  
  80  7:03  Siege Tank  
  80  7:04  Medivac x2  
  87  7:13  Terran Infantry Armor Level 1  
  87  7:15  SCV  
  88  7:28  SCV  
  89  7:40  SCV  
  89  7:41  Marine x3  
  89  7:42  Marine x3, Marauder x2  
  100  7:45  Siege Tank  
  100  7:46  Medivac  
  105  7:52  SCV  
  105  7:54  Orbital Command  
  105  7:58  Bunker  
  106  7:59  Marine x4  
  106  8:03  Marauder x2  
  106  8:04  SCV  
  111  8:16  SCV  
  112  8:21  Terran Vehicle Weapons Level 1  
  112  8:24  Refinery, Marauder  
  114  8:28  Refinery  
  114  8:43  SCV  
  114  8:44  SCV  
  116  8:59  Starport  
  116  9:00  Starport  
  116  9:06  Terran Infantry Weapons Level 2  
  116  9:09  Missile Turret  
  116  9:12  Missile Turret x2  
  116  9:13  Missile Turret  
  116  9:15  Missile Turret  
  116  9:25  Supply Depot  
  116  9:27  Supply Depot  
  116  9:28  Supply Depot  
  116  9:43  Starport Tech Lab, Starport Reactor, Supply Depot  
  116  9:45  Supply Depot  
  116  9:46  Marine  
  116  9:48  Marine x3  
  116  9:49  Viking x2, SCV, Marine x2  
  116  9:50  Marauder x2  
  131  10:04  Marine  
  132  10:07  Marine  
  132  10:11  Marauder  
  135  10:20  Barracks, Terran Ship Weapons Level 1  
  135  10:23  Barracks  
  135  10:24  Armory  
  135  10:39  Command Center  
  135  11:09  Missile Turret  
  135  11:11  Missile Turret x2  
  135  11:12  Missile Turret  
  135  11:19  Terran Vehicle And Ship Armor Level 1  
  135  11:22  Terran Infantry Armor Level 2  
  135  11:24  Marine  
  135  11:25  Marine x3, Marauder x2  
  143  11:29  SCV x3  
  143  11:32  Missile Turret  
  146  11:34  Missile Turret  
  146  11:41  SCV x2  
  146  11:42  SCV  
  149  11:50  Marine  
  149  11:51  Marauder x2  
  149  11:53  SCV x2  
  149  11:54  SCV  
  157  11:58  Supply Depot x2  
  157  12:00  Supply Depot  
  149  12:21  Marine x8  
  138  12:24  Viking  
  138  12:25  Viking x4  
  134  12:37  Missile Turret  
  134  12:38  Missile Turret  
  134  12:39  Marine x8  
  134  12:40  Missile Turret  
  134  12:42  Missile Turret  
  134  12:44  Missile Turret  
  142  12:47  Missile Turret, Thor  
  148  12:54  Viking  
  148  12:55  Viking x4  
  148  12:56  Marine  
  148  12:57  Marine x7  
  160  13:14  Marine x2  
  160  13:15  Marine x5, Marauder  
  160  13:18  Command Center  
  169  13:24  Command Center, Viking  
  169  13:25  Viking  
  173  13:32  Marine, Command Center  
  174  13:47  Marine  
  174  14:01  Supply Depot x2  
  174  14:04  Terran Infantry Weapons Level 3  
  174  14:05  Supply Depot, Terran Ship Weapons Level 2  
  174  14:06  Terran Vehicle And Ship Armor Level 2  
  174  14:22  Marine x6, Viking x5  
  190  14:26  Marine  
  191  14:36  Command Center  
  191  14:51  Marine  
  191  14:52  Marine x2, Marauder x2, Viking  
  193  15:07  Marine x3  
  181  15:09  Orbital Command, Marine x2  
  181  15:10  Marine  
  181  15:13  Marine x2  
  189  15:19  Missile Turret  
  187  15:26  Medivac x4  
  187  15:27  Medivac  
  197  15:33  Refinery  
  197  15:35  Refinery  
  197  15:45  Missile Turret  
  197  15:46  Missile Turret  
  197  15:48  Missile Turret  
  197  15:50  Command Center  
  197  15:52  Marine  
  197  15:56  Medivac  
  200  16:08  Missile Turret x2  
  200  16:20  Orbital Command  
  200  16:38  Terran Vehicle And Ship Armor Level 3  
  200  16:39  Terran Ship Weapons Level 3  
  200  16:41  Terran Infantry Armor Level 3  
  200  16:48  Starport  
  200  16:57  Starport  
  186  17:32  Starport  
  148  17:39  Marine x2  
  148  17:40  Marine x4, Marauder x2  
  126  17:44  Viking  
  126  17:45  Viking x4  
  122  17:57  Marine x2  
  122  17:58  Marine x4  
  106  18:01  Marine x2  
  106  18:05  Thor  
  102  18:14  Viking  
  102  18:15  Viking x4, Marine x3  
  102  18:16  Marine x3  
  102  18:18  Marine  
  102  18:19  Marine  
  120  18:32  Marine  
  120  18:33  Marine x5  
  126  18:34  Starport Tech Lab  
  126  18:36  Marine  
  126  18:37  Marine  
  126  18:40  Starport Reactor  
  128  18:44  Viking  
  128  18:45  Viking x4  
  138  18:50  Marine  
  138  18:51  Marine x5  
  138  18:54  Marine x2  
  131  19:06  Medivac  
  131  19:08  Marine  
  131  19:09  Marine x5  
  123  19:12  Marine x2  
  123  19:14  Viking x2, Medivac  
  123  19:15  Medivac x2, Terran Vehicle Weapons Level 2  
  129  19:26  Marine x2  
  129  19:27  Marine x4  
  129  19:30  Marine x2  
  118  19:41  Viking  
  118  19:42  Viking  
  118  19:44  Marine x2, Reaper  
  118  19:45  Marine x3  
  124  19:47  Marine  
  124  19:48  Marine  
  125  19:59  Unknown  
  125  20:02  Marine x3  
  125  20:03  Marine x2  
  125  20:05  Marine  
  125  20:06  Marine  
  132  20:09  Refinery  
  132  20:16  Marine  
  132  20:18  Command Center  
  132  20:19  Marine  
  132  20:20  Marine x4  
  138  20:22  Missile Turret  
  138  20:23  Missile Turret x2  
  138  20:24  Missile Turret  
  138  20:35  Starport Tech Lab  
  138  20:59  Starport  
  138  21:00  Starport  
  138  21:02  Fusion Core  
  138  21:19  Factory Tech Lab  
  138  21:32  Sensor Tower  
  138  21:33  Sensor Tower  
  138  21:43  Missile Turret  
  138  21:45  Planetary Fortress  
  138  21:59  Planetary Fortress  
  138  22:09  Battlecruiser x3  
  138  22:11  Viking x4  
  170  22:22  Starport Tech Lab  
  170  22:23  Starport Tech Lab  
  170  22:39  Missile Turret  
  170  22:41  Viking x4  
  165  23:13  Battlecruiser  
  165  23:16  Missile Turret  
  165  23:17  Missile Turret  
  162  23:21  Missile Turret  
  150  23:30  Marine x8  
  158  23:47  Marine  
  158  23:48  Marine x7  
  164  23:56  Viking x4  
  172  24:05  Unknown, Marine x3  
  172  24:06  Marine x5  
  154  24:17  Viking  
  154  24:23  Marine x2  
  147  24:26  Viking x4  
  152  24:40  Marine x6  
  152  24:41  Marine x2  
  149  24:47  Viking  
  142  24:56  Viking x4  
  142  24:58  Marine x6  
  142  24:59  Marine x2  
  154  25:09  Orbital Command  
  152  25:17  Marauder, Viking  
  155  25:26  Viking x4  
  161  25:47  Viking  
  157  25:56  Viking x2  
  159  26:03  Marine x8  
  149  26:17  Battlecruiser  
  148  26:20  Marine  
  148  26:21  Marine x4  
  125  26:39  Refinery  
  121  26:41  Refinery  
  119  26:54  Orbital Command  
  119  27:19  SCV  
  119  27:20  Unknown  
  120  27:26  Battlecruiser x2  
  120  27:27  Battlecruiser  
  138  27:30  Viking x2  
  138  27:31  SCV  
  143  27:37  Marine x8  
  143  27:43  SCV  
  152  27:56  SCV  
  153  28:00  Viking x2  
  157  28:08  SCV  
  152  28:30  Viking, Medivac x4  
  161  28:49  Thor  
  161  28:54  Marine x7  
  161  28:55  Marine  
  166  29:04  Medivac x3  
  166  29:05  Medivac x2  
  171  29:12  Marine x8  
Show
View Real Time Build Order
Export as new Build Order

NeverFoldxx Zerg 

Build Orders: Hatch First 

Get SALT Encoding   

  12  0:01  Drone  
  13  0:13  Overlord  
  13  0:16  Drone  
  14  0:31  Drone x2  
  14  0:35  Drone  
  17  0:51  Hatchery  
  17  0:54  Drone  
  17  0:57  Drone  
  18  1:08  Extractor  
  17  1:13  Spawning Pool  
  17  1:16  Drone  
  17  1:20  Drone  
  18  1:28  Drone  
  19  1:39  Overlord  
  19  1:50  Overlord  
  19  2:00  Queen  
  21  2:03  Queen  
  21  2:05  Drone  
  21  2:08  Drone  
  25  2:16  Drone x2  
  27  2:24  Drone  
  27  2:25  Drone  
  29  2:31  Extractor  
  29  2:33  Drone  
  29  2:35  Drone  
  30  2:38  Lair  
  30  2:44  Drone  
  31  2:51  Drone  
  31  2:56  Drone  
  31  2:57  Drone  
  34  3:06  Drone  
  35  3:16  Drone x6  
  35  3:17  Drone  
  42  3:26  Drone x2  
  44  3:35  Spire  
  44  3:39  Spire, Drone  
  44  3:40  Drone  
  44  3:48  Extractor  
  43  3:51  Drone, Extractor  
  43  3:54  Overlord x5  
  43  4:27  Drone x2  
  43  4:28  Drone x3  
  48  4:39  Hatchery  
  48  4:43  Drone x3  
  48  4:45  Extractor  
  49  4:46  Zerg Flyer Weapons Level 1  
  49  4:48  Zerg Flyer Armor Level 1  
  49  4:50  Mutalisk x2, Extractor  
  49  4:51  Mutalisk  
  54  4:56  Drone x2  
  54  4:57  Drone  
  54  4:58  Drone  
  58  5:12  Drone  
  58  5:13  Infestation Pit  
  59  5:21  Drone x2  
  60  5:35  Mutalisk x4  
  66  5:39  Overseer  
  68  5:48  Pneumatized Carapace  
  68  5:51  Queen  
  68  5:54  Drone x6  
  76  6:01  Hive  
  76  6:06  Drone x4  
  76  6:07  Drone x4  
  84  6:21  Drone x4  
  84  6:25  Spore Crawler  
  87  6:36  Spore Crawler  
  86  6:58  Spore Crawler  
  85  7:08  Hatchery  
  84  7:11  Drone x3  
  84  7:13  Drone x3  
  90  7:16  Extractor x2  
  90  7:17  Zerg Flyer Weapons Level 2  
  90  7:18  Zerg Flyer Armor Level 2  
  90  7:21  Mutalisk  
  90  7:24  Overlord x7  
  90  7:25  Overlord x2  
  90  7:28  Overseer x2  
  90  7:36  Overlord  
  90  7:38  Overlord  
  90  7:40  Overlord  
  90  7:51  Mutalisk x6  
  102  8:22  Drone x3  
  102  8:24  Mutalisk x4  
  102  8:25  Mutalisk x6  
  102  8:26  Hatchery  
  124  8:30  Extractor  
  123  8:34  Mutalisk x3  
  123  8:35  Extractor  
  128  8:49  Mutalisk x4  
  136  9:10  Queen  
  136  9:12  Drone x7  
  136  9:13  Drone x2  
  147  9:39  Zerg Flyer Weapons Level 3  
  147  9:40  Zerg Flyer Armor Level 3  
  147  9:45  Drone x3  
  150  9:46  Drone x2  
  150  9:47  Drone  
  150  9:48  Drone x5  
  150  9:49  Drone x2  
  150  9:50  Queen  
  162  10:06  Mutalisk x5  
  166  10:07  Mutalisk  
  174  10:17  Drone x7  
  174  10:18  Drone x4  
  185  10:37  Overlord x3  
  185  10:41  Mutalisk x6  
  197  11:05  Mutalisk  
  199  11:19  Spore Crawler  
  199  11:21  Spore Crawler  
  197  11:27  Spine Crawler  
  197  11:32  Spine Crawler  
  195  11:49  Spine Crawler x2  
  193  12:00  Hatchery  
  148  13:12  Mutalisk x4  
  132  13:13  Mutalisk x7  
  132  13:14  Mutalisk x6  
  132  13:15  Mutalisk x7  
  132  13:16  Mutalisk  
  182  13:30  Mutalisk x7  
  182  13:31  Mutalisk x2  
  200  13:36  Greater Spire  
  200  13:54  Overlord  
  200  13:56  Overlord  
  200  13:58  Overlord  
  200  14:44  Hatchery  
  149  15:19  Corruptor x2  
  149  15:20  Corruptor x7  
  149  15:21  Corruptor x7  
  181  15:40  Queen  
  183  16:00  Brood Lord x4  
  183  16:01  Brood Lord x4  
  199  16:21  Spine Crawler x2  
  199  16:22  Spine Crawler  
  196  16:48  Brood Lord x2  
  200  16:57  Spine Crawler x2  
  200  16:58  Spine Crawler  
  200  16:59  Spine Crawler  
  143  18:20  Brood Lord x3  
  143  18:21  Brood Lord x3  
  155  18:44  Mutalisk  
  155  18:45  Mutalisk x5  
  155  18:46  Mutalisk x10  
  155  18:47  Mutalisk x5  
  103  19:49  Mutalisk x5  
  103  19:50  Mutalisk x7  
  103  19:51  Mutalisk x3  
  129  19:53  Mutalisk x3  
  135  20:04  Spine Crawler  
  135  20:05  Spine Crawler x2  
  135  20:06  Spine Crawler x3  
  129  20:09  Spine Crawler  
  129  20:10  Spine Crawler  
  129  20:13  Spine Crawler  
  126  20:21  Mutalisk  
  126  20:22  Mutalisk x6  
  126  20:23  Mutalisk x3  
  146  20:32  Hatchery  
  145  20:45  Hatchery  
  145  20:47  Unknown  
  145  20:48  Mutalisk  
  145  20:49  Mutalisk x7  
  153  20:50  Mutalisk x7  
  153  20:51  Mutalisk x2  
  153  20:53  Spine Crawler  
  176  20:58  Spine Crawler  
  176  21:00  Spine Crawler  
  176  21:02  Spine Crawler x2  
  172  21:05  Spine Crawler  
  172  21:10  Spine Crawler  
  170  21:16  Spine Crawler  
  170  21:17  Spine Crawler  
  168  21:20  Spine Crawler  
  167  21:36  Spine Crawler  
  167  21:38  Spore Crawler  
  165  21:46  Mutalisk x5  
  165  21:47  Mutalisk x6  
  171  21:51  Spine Crawler x2  
  185  21:54  Spine Crawler  
  185  21:57  Queen  
  185  22:00  Queen  
  188  22:15  Mutalisk x3  
  116  24:42  Hatchery  
  81  24:48  Mutalisk  
  81  24:49  Mutalisk x7  
  81  24:50  Mutalisk x7  
  92  25:09  Unknown  
  91  25:15  Spore Crawler  
  91  25:16  Spore Crawler  
  91  25:18  Spore Crawler  
  82  25:36  Extractor  
  82  25:40  Extractor  
  80  26:00  Spawning Pool  
  58  26:53  Zergling x4  
  58  26:54  Zergling x14  
  63  26:55  Zergling x14  
  63  26:56  Zergling x14  
  63  26:57  Zergling x4  
  83  27:08  Drone x2  
  83  27:09  Drone  
  83  27:10  Drone x3  
  83  27:11  Queen  
  91  27:28  Hatchery  
  90  27:31  Extractor  
  90  27:33  Extractor  
  88  27:46  Metabolic Boost  
  42  28:14  Spore Crawler  
  42  28:17  Zergling x8  
  42  28:18  Zergling x12  
  42  28:19  Zergling x10  
  49  28:31  Queen  
  47  28:39  Unknown  
Tags
 
Matchup
TvZ
Replay Pack
Multiplayer
Spawn Locations
Cross Positions
Add a new tag
Caveats
  • Supply blocks, unpowered buildings, or Contaminate may cause inaccurate times.
  • Supply counts are checked every 10 seconds.